 Dungeon Crawl Stone Soup version 0.15-b1-129-g6fffc38 (console) character file.

328645 Perunasaurus the Spry (level 21, 94/117 HPs)
             Began as a Vine Stalker Conjurer on Aug 28, 2014.
             Was the Champion of Ashenzari.
             Took a swim in molten lava
             ... on Level 2 of the Realm of Zot.
             The game lasted 03:11:29 (42338 turns).

Perunasaurus the Spry (Vine Stalker Conjurer)      Turns: 42338, Time: 03:11:30

HP  94/117       AC 30     Str 12      XL: 21   Next: 28%
MP  38/38        EV 28     Int 15      God: Ashenzari [******]
Gold 981         SH  0     Dex 23      Spells: 13 memorised,  2 levels left

rFire  + + .     SeeInvis +     a - +8 battleaxe of Resourcefulness {vamp, +Rage rF+, KILL IT UNTIL IT IS DEAD}
rCold  . . .     Clarity  +     e - +4 ring mail {rF+} (curse)
rNeg   . . .     rCorr    .     (no shield)
rPois  .         rRot     +     O - +2 helmet (curse) {aux}
rElec  .         Spirit   +     U - +2 cloak {+Inv} (curse) {aux}
SustAb .         Warding  .     s - +2 pair of gloves "Gittutz" {Stlth+, aux}
rMut   +         Stasis   .     p - +2 pair of boots {run} (curse) {aux}
Gourm  .                        J - cursed amulet of resist mutation
MR     ++...                    X - cursed +5 ring of protection
                                (no ring)

@: corroded equipment, deflect missiles, quick, very resistant to hostile
enchantments, fairly stealthy
A: fangs 3, rough black scales 1, regeneration 3, magic shield, antimagic bite,
no device heal 3, rot immunity
a: Scrying, Transfer Knowledge, Renounce Religion, Evoke Berserk Rage, Evoke
Invisibility
}: 3/15 runes: serpentine, barnacled, slimy


You were on level 2 of the Realm of Zot.
You worshipped Ashenzari.
Ashenzari was exalted by your worship.
You were not hungry.

You visited 10 branches of the dungeon, and saw 54 of its levels.
You visited 1 bazaar.
You also visited: Labyrinth, Bailey, Ice Cave and Volcano.

You collected 5451 gold pieces.
You spent 4470 gold pieces at shops.


Innate Abilities, Weirdness & Mutations

You have razor-sharp teeth.
You regenerate.
When hurt, damage is shared between your health and your magic reserves.
Your bite disrupts and absorbs the magic of your enemies.
Potions and wands cannot restore your health.
You are immune to rotting.
You are partially covered in rough black scales (AC +4, Dex -1).


   Skills:
 + Level 15.0 Fighting
 - Level 14.9(20.2) Axes
   Level 1.0 Staves
 - Level 10.3(14.5) Armour
 - Level 15.0(19.0) Dodging
 - Level 2.4 Stealth
 - Level 11.0 Spellcasting
 - Level 4.0(6.8) Conjurations
 - Level 5.0(8.0) Hexes
 - Level 11.6(14.3) Charms
 - Level 7.2(10.2) Translocations
 - Level 5.5(8.5) Air Magic
 - Level 10.0(12.8) Evocations


You had 2 spell levels left.
You knew the following spells:

 Your Spells              Type           Power        Failure   Level  Hunger
a - Regeneration          Chrm/Necr      ####......   1%          3    None
b - Swiftness             Chrm/Air       #####...     1%          2    None
c - Flight                Chrm/Air       #####.....   1%          3    None
d - Apportation           Tloc           #####.....   1%          1    None
e - Blink                 Tloc           N/A          1%          2    None
f - Spectral Weapon       Hex/Chrm       #####...     1%          3    None
g - Magic Dart            Conj           ####         1%          1    None
h - Repel Missiles        Chrm/Air       #####.       1%          2    None
B - Summon Butterflies    Summ           #.......     10%         1    None
C - Haste                 Chrm           ######..     4%          6    ######.
F - Deflect Missiles      Chrm/Air       #####.....   14%         6    ######.
G - Phase Shift           Tloc           #####.....   4%          5    ####...
H - Silence               Hex/Air        ####......   10%         5    ####...

Inventory:

Hand weapons
 a - the cursed +8 battleaxe of Resourcefulness (weapon) {vamp, +Rage rF+, KILL IT UNTIL IT IS DEAD}
   (You took it off a deep elf high priest on level 3 of the Elven Halls)

   It inflicts no extra harm, but heals its wielder somewhat when it strikes a
   living foe.
   It protects you from fire.
   It lets you go berserk.
   It has a curse placed upon it.
Missiles
 n - 790 stones (quivered)
Armour
 e - a cursed +4 ring mail of fire resistance (worn)
 p - a cursed +2 pair of boots of running (worn) {aux}
 s - the cursed +2 pair of gloves "Gittutz" (worn) {Stlth+, aux}
   (You bought it in a shop on level 2 of the Orcish Mines)

   It makes you more stealthy.
   It has a curse placed upon it.
 O - a cursed +2 helmet (worn) {aux}
 U - a cursed +2 cloak of darkness (worn) {aux}
Magical devices
 b - a wand of digging (2) {!v}
 B - a wand of hasting (6) {!v}
 F - a wand of polymorph (10) {!v}
 I - a wand of teleportation (3) {!v}
 K - a wand of cold (7) {!v}
 N - a wand of digging (18) {!v}
 Z - a wand of fire (3) {!v}
Comestibles
 h - 7 fruits {!e}
 u - 12 meat rations {!e}
 T - 2 chunks of moth of wrath flesh {!e}
 Y - 2 chunks of red draconian flesh {!e}
Scrolls
 d - 3 scrolls of blinking {!r}
 m - 6 scrolls of recharging {!r}
 o - 12 scrolls of teleportation {!r}
 w - a scroll of enchant armour {!r}
 A - 3 scrolls of fog {!r}
 E - 9 scrolls of remove curse {!r}
 G - a scroll of holy word {!r}
 L - 4 scrolls of fear {!r}
 M - 8 scrolls of identify {!r}
 R - a scroll of amnesia {!r}
 S - 3 scrolls of summoning {!r}
Jewellery
 c - the ring "Strodef" {-Tele MR+ Slay+3, !a}
   (You took it off a deep elf death mage on level 3 of the Elven Halls)

   [ring of protection from magic]

   It affects your accuracy and damage with ranged weapons and melee attacks
   (+3).
   It affects your resistance to hostile enchantments.
   It prevents most forms of teleportation.
 f - the ring of Ski Rulae {rF++ MR+}
   (You bought it in a shop in a bazaar)

   [ring of protection from magic]

   It greatly protects you from fire.
   It affects your resistance to hostile enchantments.
 v - a +4 ring of protection
 y - an uncursed ring of protection from cold
 J - a cursed amulet of resist mutation (around neck)
 P - an uncursed ring of positive energy
 X - a cursed +5 ring of protection (right hand)
Potions
 j - 2 potions of berserk rage {!q}
 l - 17 potions of curing {!q}
 r - 3 potions of invisibility {!q}
 t - 2 potions of agility {!q}
 x - 2 potions of cancellation {!q}
 z - 6 potions of haste {!q}
 D - 2 potions of magic {!q}
 H - 5 potions of resistance {!q}
 Q - 5 potions of might {!q}
 V - a potion of lignification {!q}
Books
 g - a book of Battle

   Spells                             Type                      Level
   Infusion                           Charms                       1
   Shroud of Golubria                 Charms/Translocation         2
   Song of Slaying                    Charms                       2
   *Spectral Weapon                   Hexes/Charms                 3
   *Regeneration                      Charms/Necromancy            3
 C - a book of Enchantments

   Spells                             Type                      Level
   Tukima's Dance                     Hexes                        3
   Cause Fear                         Hexes                        4
   *Silence                           Hexes/Air                    5
   *Deflect Missiles                  Charms/Air                   6
   *Haste                             Charms                       6
   Discord                            Hexes                        8
Miscellaneous
 i - a fan of gales
 k - a phial of floods
 W - a sack of spiders


Message History

Tha tentacled monstrosity be almost dead.
Ye hit tha molt'n gargoyle but do nay damage.
Tha molt'n gargoyle be severely damaged.
Ye be cov'red in liquid flames!
Tha tentacled monstrosity tentacle-slaps ye but does nay damage.
Tha tentacled monstrosity completely misses ye.
Tha tentacled monstrosity tentacle-slaps ye but does nay damage.
Tha tentacled monstrosity constricts ye.
Ye hit tha molt'n gargoyle but do nay damage.
Tha molt'n gargoyle be severely damaged.
Ye slash tha tentacled monstrosity!
Ye kill tha tentacled monstrosity!
Yer Fightin' skill increases ta level 15!
Ye be cov'red in liquid flames!
Yer skin stops crawlin'.
Tha molt'n gargoyle hits ye but does nay damage.
Ye be cov'red in liquid flames!
Ye float gracefully downwards.
Ye fall inta tha lava!
Tha lava burns ye ta a cinder!
Ye die...

*≈≈≈≈≈* #.#,,********,***
**≈≈≈≈* #.#..#** *,* **≈≈≈*
#.#..≈≈** *,* **≈**
#.#..≈≈≈*****,***
*******##.#......,,,,,**≈
*,,,,,,,.q≈.§≈≈§≈≈*****≈≈
*,#######≈≈§§§≈≈≈≈≈***≈≈≈
*,#....^§§≈§≈≈≈≈≈≈≈≈*≈≈≈≈
*,*,**#.™§§§§§≈≈§≈§≈≈≈≈≈≈
*,*,* #%#§≈9S...§.§*≈≈≈≈≈
*****,*,* #%##§§≈§§§≈.#*≈≈≈≈≈
*,,,,,,,* #.###§≈§≈≈≈.**≈≈≈≈≈
*,***,*####.###.≈§§§#.*≈≈≈≈≈≈
*,* *,#####.###.....#,,,,,,,,
*,* *.#.....#########≈≈≈≈≈≈≈≈
*,* #.#.###########*≈≈≈≈≈≈≈≈≈
*,* #.#.###########*≈≈≈≈≈≈≈≈≈


You could see a yellow draconian scorcher and a molten gargoyle.

Vanquished Creatures
  the royal jelly (Slime:6)
  Saint Roka (Elf:2)
  2 golden dragons (Depths:5)
  The ghost of letownia the Eclecticist, a great VSWz of Vehumet (Slime:6)
  A tentacled monstrosity (Zot:2)
  Asterion (Elf:2)
  A deep elf master archer (Elf:3)
  3 deep elf blademasters (Elf:3)
  2 quicksilver dragons (Depths:5)
  9 acid blobs (Slime:6)
  A kraken (Shoals:5)
  3 storm dragons
  Agnes (Shoals:5)
  3 azure jellies
  2 shadow dragons (Depths:5)
  A draconian monk (Zot:1)
  Roxanne (Elf:3)
  9 greater nagas
  A frost giant (IceCv)
  5 deep elf sorcerers (Elf:3)
  A fire giant (Depths:5)
  Wiglaf (Elf:2)
  An iron dragon (Depths:5)
  Aizul (Snake:2)
  A draconian zealot (Depths:5)
  4 deep elf demonologists (Elf:3)
  A draconian annihilator (Zot:1)
  4 green draconians
  3 rakshasas (D:13)
  9 deep elf annihilators (Elf:3)
  Azrael (Elf:2)
  2 yellow draconians
  2 black draconians (Depths:5)
  2 pale draconians
  A red draconian (Zot:1)
  A purple draconian (Zot:1)
  2 merfolk javelineers
  2 dire elephants
  2 minotaurs
  7 deep elf death magi
  5 merfolk impalers (Shoals:5)
  2 death oozes (Slime:6)
  A fire dragon (Lair:8)
  4 great orbs of eyes
  Josephine (D:10)
  4 deep elf high priests (Elf:3)
  A yaktaur captain (Depths:3)
  4 ice dragons
  4 hydras
  Harold (Orc:3)
  12 naga warriors
  A ravenous item mimic (Snake:5)
  A siren (Shoals:5)
  A centaur warrior (D:13)
  A satyr (Shoals:4)
  Erica (D:11)
  10 anacondas
  A deep troll earth mage (Depths:5)
  3 merfolk aquamancers
  14 death yaks
  3 deep troll shamans (Depths:5)
  12 shock serpents
  13 naga sharpshooters
  4 hell knights (Depths:5)
  7 deep elf knights
  A salamander mystic (Snake:4)
  3 sea snakes
  A flayed ghost (Depths:5)
  2 iron trolls (Depths:5)
  A giant orange brain (shapeshifter) (Depths:5)
  A large abomination (Elf:3)
  3 deep trolls (Depths:5)
  An ice statue (IceCv)
  6 deep elf summoners
  10 naga ritualists
  2 hill giants
  A necromancer (Depths:5)
  6 orc knights
  4 harpies
  5 griffons
  16 deep elf conjurers
  9 mana vipers
  2 ugly things (D:13)
  4 shining eyes
  5 oklob plants (Lair:5)
  8 salamanders
  3 cyclopes
  10 manticores
  2 moths of wrath
  11 elephants
  Maurice (Orc:3)
  19 spiny frogs
  3 water nymphs
  The ghost of BillyHerrington the Nimble, an experienced FeBe of Trog (Bailey)
  3 guardian serpents
  Joseph (Orc:3)
  29 black mambas
  A centaur zombie (D:15)
  2 torpor snails
  3 eyes of devastation
  36 naga magi
  3 mermaids
  A komodo dragon (shapeshifter) (Elf:2)
  2 item mimics
  7 yaktaurs
  7 deep elf priests
  5 fire drakes
  2 trolls
  A spriggan druid (Lair:8)
  8 komodo dragons
  Grinder (D:4)
  13 merfolk
  A boulder beetle (Lair:8)
  19 polar bears
  A freezing wraith (D:14)
  49 slime creatures
  7 basilisks
  A shadow (D:13)
  27 blink frogs
  3 trapdoor spiders
  2 redbacks
  A basilisk (shapeshifter) (D:15)
  5 wyverns
  2 water elementals (Shoals:5)
  A wraith (D:11)
  73 yaks
  A hill giant zombie (D:9)
  10 spriggans
  12 deep elf magi
  12 hippogriffs
  6 hungry ghosts
  Eustachio (D:4)
  2 fire elementals (Elf:2)
  16 deep elf fighters
  5 golden eyes (Slime:6)
  2 wargs
  A steam dragon (D:11)
  Edmund (D:5)
  A spatial vortex (Slime:1)
  23 porcupines
  41 wolves
  2 mottled dragons (Volcano)
  59 nagas
  4 hell hounds (Elf:2)
  4 yellow wasps (Lair:8)
  47 orc warriors
  26 water moccasins
  5 sky beasts
  9 black bears
  A griffon simulacrum (D:15)
  3 ice beasts
  4 phantoms
  A manticore zombie (D:10)
  15 ogres
  15 crocodiles
  A boggart (D:13)
  Sigmund (D:5)
  26 centaurs
  15 giant frogs
  A gnoll sergeant (D:6)
  A komodo dragon skeleton (D:11)
  4 big kobolds
  6 eyes of draining
  A scorpion (D:9)
  A cyclops skeleton (D:10)
  A hippogriff skeleton (D:6)
  A lava snake (Zot:2)
  A goliath beetle (D:8)
  2 electric eels (Lair:6)
  13 iguanas
  14 jellies
  2 quasits
  An orange rat (Elf:3)
  16 orc priests
  23 orc wizards
  A cyclops simulacrum (D:15)
  6 worker ants
  An elf skeleton (D:10)
  A giant frog skeleton (D:5)
  12 hounds
  22 sheep
  A big kobold zombie (D:10)
  Ijyb (D:3)
  A giant frog simulacrum (D:10)
  2 big kobold skeletons
  A hound zombie (D:10)
  A mummy (D:13)
  A worker ant zombie (D:10)
  49 green rats
  24 adders
  19 gnolls
  3 orc zombies
  3 giant mites
  A shadow imp (D:5)
  3 worms
  7 giant geckos
  3 oozes
  175 orcs
  2 ball pythons
  A bat skeleton (D:6)
  4 giant cockroaches
  34 hobgoblins
  15 quokkas
  19 bats
  A giant gecko skeleton (D:5)
  4 giant newts
  A giant spore (D:11)
  43 goblins
  A goblin skeleton (D:4)
  A hobgoblin skeleton (D:7)
  21 jackals
  36 kobolds
  3 kobold skeletons (D:10)
  A kobold zombie (D:10)
  An orc skeleton (D:10)
  17 rats
  3 ballistomycetes
  3 crawling corpses (Elf:3)
  A plant (Lair:8)
  4 tentacles (Shoals:5)
1680 creatures vanquished.

Vanquished Creatures (collateral kills)
  Nikola (Elf:3)
  A death ooze (Slime:6)
  3 slime creatures (Slime:6)
  A shining eye (Slime:6)
  A polar bear (Lair:6)
  2 wolves (Lair:8)
  A black bear (Lair:8)
  2 orc warriors (Bailey)
  An ogre (D:10)
  A yak zombie (D:10)
  A hippogriff zombie (D:10)
  A sheep (D:11)
  A gnoll (Bailey)
  9 orcs
  A goblin (Bailey)
  A ballistomycete (D:10)
  A fungus (Lair:8)
29 creatures vanquished.

Vanquished Creatures (others)
  3 spectral weapons (Depths:5)
  A deep elf high priest (Elf:3)
  A hill giant (D:15)
  A drowned soul (Shoals:5)
  2 air elementals (Depths:5)
  2 water elementals (Bailey)
  A naga (Snake:5)
  An orc warrior (Orc:4)
  A centaur (Orc:4)
  An electric eel (Elf:1)
  A jelly (Slime:6)
  An orc (D:10)
  A kobold (D:10)
  A giant spore (D:10)
  A bush (D:8)
  18 butterflies (Slime:3)
  4 fungi
  3 plants
  10 tentacles (Shoals:5)
  172 tentacle segments (Shoals:5)
226 creatures vanquished.

Grand Total: 1935 creatures vanquished

Notes
Turn   | Place    | Note
--------------------------------------------------------------
     0 | D:1      | Perunasaurus, the Vine Stalker Conjurer, began the quest for the Orb.
     0 | D:1      | Reached XP level 1. HP: 9/9 MP: 3/3
    98 | D:1      | Reached skill level 1 in Fighting
   284 | D:1      | Reached XP level 2. HP: 9/14 MP: 3/5
   336 | D:1      | Reached skill level 1 in Axes
   544 | D:1      | Reached XP level 3. HP: 16/18 MP: 4/7
  1358 | D:2      | HP: 2/18 [adder (2)]
  1359 | D:2      | Reached XP level 4. HP: 2/22 MP: 2/8
  1411 | D:1      | Learned a level 3 spell: Dazzling Spray
  2072 | D:3      | Reached skill level 3 in Axes
  2405 | D:3      | HP: 3/22 [green rat (3)]
  2422 | D:3      | HP: 1/22 [green rat (6)]
  2451 | D:3      | HP: 2/22 [green rat (7)]
  2482 | D:3      | Reached XP level 5. HP: 10/25 MP: 5/11
  2706 | D:4      | Found a burning altar of Makhleb.
  2826 | D:4      | HP: 5/25 [poisoned by a worker ant]
  2831 | D:4      | HP: 3/25 [poisoned by a worker ant]
  2838 | D:4      | HP: 2/25 [poisoned by a worker ant]
  2844 | D:3      | HP: 2/25 [poisoned by a worker ant]
  2852 | D:3      | HP: 2/25 [poisoned by a worker ant]
  3058 | D:4      | Noticed an ogre
  3515 | D:4      | Noticed Ijyb
  3525 | D:4      | Noticed Eustachio
  3554 | D:4      | HP: 3/25 [green rat[Eustachio] (3)]
  3555 | D:4      | HP: 1/25 [green rat[Eustachio] (3)]
  3565 | D:4      | HP: 1/25 [bat[Eustachio] (1)]
  3575 | D:4      | HP: 3/25 [bat[Eustachio] (1)]
  3583 | D:4      | HP: 5/25 [green rat[Eustachio] (1)]
  3588 | D:4      | HP: 5/25 [bat[Eustachio] (1)]
  3593 | D:4      | HP: 3/25 [quokka[Eustachio] (2)]
  3662 | D:4      | Noticed an ogre
  3687 | D:3      | Killed Ijyb
  3687 | D:3      | Reached skill level 1 in Staves
  3730 | D:3      | Gained mutation: You heal very quickly. [vine stalker growth]
  3730 | D:3      | Reached XP level 6. HP: 30/30 MP: 12/12
  3876 | D:4      | Noticed Grinder
  3892 | D:4      | HP: 5/30 [Grinder (4)]
  3894 | D:4      | HP: 1/30 [Grinder (3)]
  4009 | D:4      | Paralysed by Grinder for 3 turns
  4020 | D:4      | Paralysed by Grinder for 3 turns
  4033 | D:4      | Killed Grinder
  4033 | D:4      | Reached XP level 7. HP: 19/33 MP: 7/14
  4108 | D:5      | Entered Level 5 of the Dungeon
  4193 | D:5      | Reached skill level 5 in Staves
  4233 | D:5      | Found Schonaint's Assorted Antiques.
  4271 | D:5      | Bought a scroll labeled AFAHEL MIZOXUI for 33 gold pieces
  4271 | D:5      | Bought a scroll labeled HIWEIR SAXIOR for 33 gold pieces
  4295 | D:5      | Noticed Sigmund
  4310 | D:5      | Killed Sigmund
  4355 | D:5      | Noticed Edmund
  4367 | D:4      | Killed Eustachio
  4367 | D:4      | Reached skill level 6 in Staves
  4367 | D:4      | Gained mutation: You have razor-sharp teeth. [vine stalker growth]
  4367 | D:4      | Reached XP level 8. HP: 28/37 MP: 14/16
  4400 | D:4      | Reached skill level 1 in Armour
  4421 | D:5      | Killed Edmund
  4469 | D:5      | Reached skill level 3 in Armour
  4655 | D:5      | HP: 4/37 [ogre/giant club (20)]
  4759 | D:5      | Found a staircase to the Ecumenical Temple.
  4773 | Temple   | Entered the Ecumenical Temple
  4783 | Temple   | Became a worshipper of Ashenzari the Shackled
  4950 | D:5      | Found an ancient bone altar of Kikubaaqudgha.
  4951 | D:5      | Found a snail-covered altar of Cheibriados.
  5084 | D:5      | Found a deep blue altar of Sif Muna.
  5086 | D:5      | Found a shimmering altar of Xom.
  5244 | D:5      | Bought a scroll of remove curse for 99 gold pieces
  5420 | D:5      | Reached skill level 7 in Staves
  5619 | D:6      | Reached XP level 9. HP: 41/43 MP: 18/18
  5624 | D:6      | Reached skill level 3 in Fighting
  5657 | D:6      | Found Planuw's Distillery.
  5751 | D:6      | You fall through a shaft for 2 floors!
  5806 | D:8      | Found a staircase to the Lair.
  5807 | D:8      | Identified a +1 rod of clouds (13/13)
  5839 | D:8      | Reached skill level 3 in Dodging
  5940 | D:8      | Reached skill level 8 in Staves
  5949 | D:8      | Reached skill level 3 in Evocations
  5963 | D:8      | HP: 6/44 [yak (4)]
  5994 | D:8      | HP: 6/44 [yak (8)]
  6008 | D:8      | HP: 7/44 [crocodile (6)]
  6030 | D:8      | HP: 3/44 [yak (8)]
  6075 | D:7      | HP: 8/44 [acid (6)]
  6797 | D:6      | Reached skill level 9 in Staves
  7284 | D:7      | Reached XP level 10. HP: 38/49 MP: 15/18
  7562 | D:8      | HP: 10/51 [yak (6)]
  7577 | D:8      | HP: 7/51 [yak (10)]
  7880 | D:8      | HP: 9/51 [basilisk (4)]
  8398 | D:5      | Bought a small emerald ring for 165 gold pieces
  8707 | D:8      | Acquired Ashenzari's first power
  8967 | D:9      | Reached XP level 11. HP: 29/56 MP: 19/22
  9006 | D:9      | Reached skill level 6 in Evocations
  9089 | D:9      | Reached skill level 6 in Fighting
  9128 | D:9      | Noticed a hill giant
  9137 | D:9      | Killed a hill giant
  9403 | D:9      | Found a sparkling altar of Nemelex Xobeh.
  9732 | D:10     | Entered Level 10 of the Dungeon
  9779 | D:10     | Reached skill level 6 in Armour
  9813 | D:10     | Found a roughly hewn altar of Beogh.
  9886 | D:10     | HP: 10/56 [orc warrior/trident (12)]
 10018 | D:10     | Noticed Josephine
 10130 | D:9      | HP: 5/56 [yak (10)]
 10273 | D:10     | Noticed Sonja
 10317 | D:9      | Reached skill level 6 in Dodging
 10704 | D:10     | Killed Josephine
 10845 | D:10     | Found Segiepup's Magic Scroll Shop.
 10854 | D:10     | Bought a scroll of identify for 26 gold pieces
 10854 | D:10     | Bought a scroll of identify for 26 gold pieces
 10857 | D:10     | Bought a scroll of magic mapping for 45 gold pieces
 10857 | D:10     | Bought a scroll of teleportation for 39 gold pieces
 10976 | D:10     | Found a staircase to the Orcish Mines.
 11039 | D:10     | Noticed Sonja
 11039 | D:10     | Sonja changed into Sonja the spriggan
 11112 | D:10     | Acquired Ashenzari's second power
 11179 | D:10     | Killed Sonja the spriggan
 11505 | D:11     | Found a roughly hewn altar of Beogh.
 11551 | D:11     | HP: 10/56 [orc warrior/ tomahawk of dispersal (9)]
 11567 | D:11     | HP: 11/56 [orc warrior/ tomahawk of dispersal (9)]
 11885 | D:11     | Noticed Erica
 11911 | D:11     | Killed Erica
 11969 | D:11     | Gained mutation: You regenerate. [vine stalker growth]
 11969 | D:11     | Reached XP level 12. HP: 48/63 MP: 20/24
 11988 | D:11     | Learned a level 3 spell: Flight
 12067 | D:11     | Learned a level 1 spell: Apportation
 12070 | D:11     | Learned a level 2 spell: Blink
 12072 | D:11     | Learned a level 1 spell: Summon Butterflies
 12402 | Lair:1   | Entered Level 1 of the Lair of Beasts
 13631 | Lair:2   | Acquired Ashenzari's third power
 14691 | Lair:3   | Reached skill level 9 in Fighting
 14952 | Lair:3   | Found a staircase to the Snake Pit.
 14959 | Lair:3   | Reached XP level 13. HP: 68/70 MP: 26/26
 15205 | Lair:3   | Acquired Ashenzari's fourth power
 15268 | Lair:3   | Noticed a five-headed hydra
 15282 | Lair:3   | Killed a five-headed hydra
 15666 | Lair:3   | Reached skill level 9 in Armour
 15978 | Lair:4   | Found a frozen archway.
 15986 | IceCv    | Entered an ice cave
 16179 | IceCv    | Reached skill level 9 in Dodging
 16337 | IceCv    | Noticed a frost giant
 16375 | IceCv    | Killed a frost giant
 16375 | IceCv    | Reached skill level 9 in Evocations
 16883 | Lair:3   | Reached skill level 10 in Evocations
 17020 | D:5      | Bought an ancient quarterstaff for 297 gold pieces
 17020 | D:5      | Identified the +2 quarterstaff "Clarch" {flame, +Rage rF+ Int+3} (You bought it in a shop on level 5 of the Dungeon)
 18606 | Lair:5   | Reduced skill Axes to level 3
 18736 | Lair:5   | Found a staircase to the Shoals.
 18830 | Lair:5   | Reached XP level 14. HP: 70/77 MP: 29/29
 18923 | Lair:5   | Reduced skill Axes to level 1
 20336 | Lair:6   | Reached skill level 11 in Dodging
 20849 | Lair:7   | Found a staircase to the Slime Pits.
 20850 | Lair:7   | Found a viscous altar of Jiyva.
 20859 | Lair:7   | Found a labyrinth entrance.
 20893 | Lab      | Entered a labyrinth
 21114 | Lab      | Identified the Volume of Changing
 21117 | Lab      | Identified the +3 ring mail of Absence {Dex-2 Int+3} (You found it in a labyrinth)
 22057 | Lair:8   | Entered Level 8 of the Lair of Beasts
 22341 | D:6      | Bought a potion of beneficial mutation for 385 gold pieces
 22342 | D:6      | Gained mutation: You are resistant to hostile enchantments. [potion of beneficial mutation]
 22849 | Lair:8   | Reached skill level 12 in Fighting
 22851 | Lair:8   | Reached XP level 15. HP: 36/84 MP: 27/29
 23317 | Lair:8   | Reached skill level 12 in Dodging
 24076 | Orc:1    | Entered Level 1 of the Orcish Mines
 24255 | Orc:2    | Found a flagged portal.
 24274 | Bailey   | Entered a bailey
 24449 | Bailey   | Noticed BillyHerrington's ghost (experienced FeBe)
 24469 | Bailey   | Killed BillyHerrington's ghost
 24731 | Bailey   | Gained mutation: You are agile. (Dex +2) [potion of beneficial mutation]
 24740 | Bailey   | Gained mutation: You are partially covered in rough black scales (AC +4, Dex -1). [potion of beneficial mutation]
 24842 | Orc:1    | Found a shimmering altar of Xom.
 24911 | Orc:1    | Found Clogeh's Antique Armour Boutique.
 24921 | Orc:1    | Bought a pair of gloves for 144 gold pieces
 25270 | Orc:2    | Found Yziod's Assorted Antiques.
 25312 | Orc:2    | Bought an encrusted cabochon ring for 135 gold pieces
 25315 | Orc:2    | Bought a scroll of identify for 54 gold pieces
 25318 | Orc:2    | Bought a ring of protection for 54 gold pieces
 25322 | Orc:2    | Bought a scroll of enchant weapon for 202 gold pieces
 25323 | Orc:2    | Bought a hardcover book for 405 gold pieces
 25325 | Orc:2    | Bought a potion of magic for 148 gold pieces
 25325 | Orc:2    | Bought a potion of might for 67 gold pieces
 25407 | Orc:2    | Found Khafuel's Antique Weapon Emporium.
 25423 | Orc:2    | Found Smewoipp's Gadget Emporium.
 25643 | Orc:3    | Found Gaetam's General Store.
 25658 | Orc:3    | Noticed Maurice
 25675 | Orc:3    | Killed Maurice
 25704 | Orc:3    | Noticed Joseph
 25708 | Orc:3    | Noticed Harold
 25721 | Orc:3    | Killed Joseph
 25735 | Orc:3    | Killed Harold
 25747 | Orc:3    | Found a staircase to the Elven Halls.
 25755 | Orc:3    | Found a dark tunnel.
 25778 | Volcano  | Entered a volcano
 25839 | Volcano  | Identified the amulet "Asof Nut" {Clar -Cast}
 25955 | Volcano  | Reached skill level 13 in Dodging
 26719 | D:10     | Bought a scroll of enchant weapon for 97 gold pieces
 26719 | D:10     | Bought a scroll of blinking for 97 gold pieces
 27655 | Orc:2    | Found Wumaqauqa's Antique Armour Shoppe.
 27714 | Orc:2    | Bought a pair of ichor-stained gloves for 323 gold pieces
 27714 | Orc:2    | Identified the +2 pair of gloves "Gittutz" {Stlth+} (You bought it in a shop on level 2 of the Orcish Mines)
 27864 | Orc:4    | Entered Level 4 of the Orcish Mines
 27865 | Orc:4    | Found a bloodstained altar of Trog.
 28270 | Orc:4    | Found Suxeav's Armour Shoppe.
 28270 | Orc:4    | Found Croo's Jewellery Boutique.
 28309 | Orc:4    | Found Odyuluxt's Armour Emporium.
 28311 | Orc:4    | Found Xaohey's General Store.
 28353 | Orc:4    | HP: 13/85 [orc warrior/ bolt (11)]
 28547 | Orc:4    | Found Plunuyzu's Distillery.
 28550 | Orc:4    | Bought a potion of agility for 45 gold pieces
 28550 | Orc:4    | Bought a potion of might for 45 gold pieces
 28550 | Orc:4    | Bought 2 potions of agility for 90 gold pieces
 28909 | Elf:1    | Entered Level 1 of the Elven Halls
 29062 | Elf:1    | Found Mexod's General Store.
 29788 | Orc:4    | Bought a +1 pair of boots of flying for 214 gold pieces
 30045 | Elf:1    | Reached XP level 16. HP: 88/91 MP: 30/30
 30077 | Elf:2    | Noticed Wiglaf
 30097 | Elf:2    | Killed Wiglaf
 30138 | Elf:2    | Found Dadiohi's Antique Armour Boutique.
 30144 | Elf:2    | Noticed Asterion
 30166 | Elf:2    | Killed Asterion
 30170 | Elf:2    | Identified the +7 quarterstaff "Osydea" {venom, MR+}
 30174 | Elf:2    | Reached skill level 14 in Fighting
 30486 | Elf:2    | Identified the +3 ring mail of the Special Planets {Str+3 Int-2}
 30583 | Elf:2    | Noticed Azrael
 30583 | Elf:2    | Noticed Saint Roka
 30610 | Elf:2    | Killed Saint Roka
 30626 | Elf:2    | Killed Azrael
 30925 | Elf:3    | Entered Level 3 of the Elven Halls
 31105 | Elf:3    | Noticed Roxanne
 31134 | Elf:3    | Killed Roxanne
 31136 | Elf:3    | Identified Roxanne's Collected Works on Changing and Earth (You took it off Roxanne on level 3 of the Elven Halls)
 31215 | Elf:3    | Found Twuotti's Antique Armour Emporium.
 31254 | Elf:3    | Noticed Nikola
 31262 | Elf:3    | Killed Nikola
 32197 | Elf:3    | Reached skill level 15 in Dodging
 32225 | Elf:3    | Reached XP level 17. HP: 85/97 MP: 27/31
 32249 | Elf:3    | Noticed a deep elf blademaster
 32269 | Elf:3    | Killed a deep elf blademaster
 32412 | Elf:3    | Learned a level 5 spell: Phase Shift
 32435 | Elf:3    | Reached skill level 1 in Translocations
 32443 | Elf:3    | Noticed a deep elf blademaster
 32531 | Elf:3    | Killed a deep elf blademaster
 32531 | Elf:3    | Reached skill level 3 in Translocations
 32684 | Elf:3    | Noticed a deep elf master archer
 32685 | Elf:3    | Noticed a deep elf blademaster
 32765 | Elf:3    | Killed a deep elf blademaster
 32765 | Elf:3    | Reached skill level 6 in Translocations
 32775 | Elf:3    | Killed a deep elf master archer
 32951 | Elf:3    | Identified the ring "Strodef" {-Tele MR+ Slay+3} (You took it off a deep elf death mage on level 3 of the Elven Halls)
 32951 | Elf:3    | Identified the +3 short sword of Brutal Revenge {freeze, rF+ Str+2 Dex+4} (You took it off a deep elf death mage on level 3 of the Elven Halls)
 32959 | Elf:3    | Identified the +1 scale mail of Weahed {rPois Int+3} (You took it off a deep elf high priest on level 3 of the Elven Halls)
 32959 | Elf:3    | Identified the +8 battleaxe of Resourcefulness {vamp, +Rage rF+} (You took it off a deep elf high priest on level 3 of the Elven Halls)
 32992 | Elf:3    | Identified the Compendium of Attacks
 33036 | Elf:3    | Identified Sif Muna's Handbook of the Birds
 33040 | Elf:3    | Learned a level 2 spell: Repel Missiles
 33059 | Elf:3    | Identified the +1 hand axe of Dim Light {chop, Int+3}
 33060 | Elf:3    | Identified a +2 pair of boots of running
 33060 | Elf:3    | Identified the +9 shortbow of Uncertain Death {venom, rElec MR+}
 33073 | Elf:3    | Identified the +5 falchion of Imminent Death {slice, Int-2}
 33172 | Elf:3    | Reached skill level 3 in Axes
 33750 | Snake:1  | Entered Level 1 of the Snake Pit
 34060 | Snake:1  | Reached skill level 6 in Axes
 34433 | Snake:2  | Noticed Aizul
 34466 | Snake:2  | Killed Aizul
 34466 | Snake:2  | Reduced skill Staves to level 6
 34602 | Snake:2  | Reached skill level 9 in Axes
 34933 | Snake:2  | Identified the +9 trident of Xuimozee {elec, +Fly rN+ Str+3}
 35499 | Snake:3  | Reached XP level 18. HP: 102/102 MP: 32/32
 35709 | Snake:3  | Learned a level 2 spell: Swiftness
 35805 | Snake:3  | HP: 20/102 [poisoned by a greater naga (poison arrow)]
 35810 | Snake:3  | HP: 19/102 [poisoned by a greater naga (poison arrow)]
 35815 | Snake:3  | HP: 20/102 [poisoned by a greater naga (poison arrow)]
 36292 | Snake:4  | Reduced skill Staves to level 3
 36292 | Snake:4  | Reached skill level 12 in Axes
 36789 | Snake:4  | Identified the +2 scale mail of Depression {Slay+4}
 36840 | Snake:4  | Reduced skill Staves to level 1
 36875 | Snake:4  | Found Isaonui's Gadget Shop.
 37140 | Snake:5  | Entered Level 5 of the Snake Pit
 37267 | Snake:5  | Found Shraibit's Distillery.
 37277 | Snake:5  | Bought a potion of resistance for 133 gold pieces
 37623 | Snake:5  | Reached skill level 3 in Spellcasting
 37734 | Snake:5  | Reached skill level 1 in Charms
 37742 | Snake:5  | Learned a level 6 spell: Haste
 37825 | Snake:5  | Reached skill level 3 in Charms
 37836 | Snake:5  | Reached XP level 19. HP: 99/107 MP: 32/32
 37925 | Snake:5  | Got a serpentine rune of Zot
 38084 | Snake:5  | Reached skill level 6 in Charms
 38088 | Snake:5  | Found Stroum's Assorted Antiques.
 38102 | Snake:5  | Bought a ring of protection for 48 gold pieces
 38535 | Shoals:1 | Entered Level 1 of the Shoals
 38803 | Shoals:5 | Entered Level 5 of the Shoals
 38803 | Shoals:5 | Noticed Agnes
 38820 | Shoals:5 | Killed Agnes
 39037 | Shoals:5 | Reached skill level 9 in Charms
 39093 | Shoals:5 | Got a barnacled rune of Zot
 39188 | Shoals:1 | Identified the -2 war axe "Staxtec" {flame, rC- Dex+3}
 39282 | Slime:1  | Entered Level 1 of the Pits of Slime
 39432 | Slime:3  | Gained mutation: Armour fits poorly on your strangely shaped body. [a shining eye]
 39436 | Slime:3  | Gained mutation: Your spells are a little easier to cast, but a little less powerful. [a shining eye]
 39436 | Slime:3  | Lost mutation: You are agile. (Dex +2) [a shining eye]
 39453 | Slime:3  | Gained mutation: You have supernaturally acute eyesight. [a shining eye]
 39461 | Slime:3  | Lost mutation: Your spells are a little easier to cast, but a little less powerful. [potion of cure mutation]
 39461 | Slime:3  | Lost mutation: You are resistant to hostile enchantments. [potion of cure mutation]
 39553 | Slime:6  | Entered Level 6 of the Pits of Slime
 39579 | Slime:6  | Noticed letownia's ghost (great VSWz)
 39601 | Slime:6  | Killed letownia's ghost
 39687 | Slime:6  | Noticed the royal jelly
 39705 | Slime:6  | Killed the royal jelly
 39705 | Slime:6  | Reached XP level 20. HP: 103/112 MP: 32/34
 39706 | Slime:6  | Identified the +7 chain mail of the Wheelwright {Str+3 Dex+3}
 39706 | Slime:6  | Identified the amulet "Kayda" {rCorr Dex+1 Int-4}
 39706 | Slime:6  | Identified a scroll of acquirement
 39706 | Slime:6  | Identified the +10 mace of Armageddon {drain, MR++}
 39706 | Slime:6  | Identified the +4 morningstar of Strusacwy {pain, +Fly MR++}
 39735 | Slime:6  | Identified the +1 scale mail of Imperfection {rF+}
 39755 | Slime:6  | Gained mutation: Your body is slowly deteriorating. [a shining eye]
 39763 | Slime:6  | Lost mutation: Armour fits poorly on your strangely shaped body. [potion of cure mutation]
 39763 | Slime:6  | Lost mutation: Your body is slowly deteriorating. [potion of cure mutation]
 39763 | Slime:6  | Lost mutation: You have supernaturally acute eyesight. [potion of cure mutation]
 39866 | Slime:6  | Reached skill level 1 in Hexes
 39880 | Slime:6  | Reached skill level 1 in Air Magic
 39894 | Slime:6  | Learned a level 5 spell: Silence
 39900 | Slime:6  | Identified the +11 shortbow "Osefoagu" {venom, +Inv +Fly rF++ MR+ Dex-2}
 39939 | Slime:6  | Reached skill level 3 in Air Magic
 39970 | Slime:6  | Got a slimy rune of Zot
 40582 | D:13     | Learned a level 3 spell: Regeneration
 40812 | D:8      | Learned a level 3 spell: Spectral Weapon
 41083 | D:15     | Entered Level 15 of the Dungeon
 41110 | D:15     | Identified the +3 robe of a bazaar {Dex+2 Stlth--}
 41150 | D:15     | Found a flickering gateway to a bazaar.
 41160 | Bazaar   | Entered a bazaar
 41160 | Bazaar   | Found Gasmut's Jewellery Shoppe.
 41167 | Bazaar   | Found Psetad's General Store.
 41171 | Bazaar   | Found Dill's Weapon Boutique.
 41179 | Bazaar   | Found Traorami's Magic Scroll Emporium.
 41188 | Bazaar   | Found Adiamain's Weapon Shop.
 41239 | Bazaar   | Bought the ring of Ski Rulae {rF++ MR+} for 544 gold pieces
 41262 | Bazaar   | Bought a scroll of teleportation for 33 gold pieces
 41262 | Bazaar   | Bought a scroll of remove curse for 33 gold pieces
 41262 | Bazaar   | Bought a scroll of enchant armour for 82 gold pieces
 41262 | Bazaar   | Bought a scroll of remove curse for 33 gold pieces
 41262 | Bazaar   | Bought a scroll of teleportation for 33 gold pieces
 41262 | Bazaar   | Bought a scroll of fog for 22 gold pieces
 41262 | Bazaar   | Bought a scroll of remove curse for 33 gold pieces
 41262 | Bazaar   | Bought a scroll of summoning for 104 gold pieces
 41262 | Bazaar   | Bought a scroll of summoning for 104 gold pieces
 41397 | D:15     | Found a staircase to the Depths.
 41410 | Depths:1 | Entered Level 1 of the Depths
 41415 | Depths:1 | Found a roughly hewn altar of Beogh.
 41566 | Depths:4 | Found a one-way gate to the infinite horrors of the Abyss.
 41603 | Depths:5 | Entered Level 5 of the Depths
 41640 | Depths:5 | Reached skill level 3 in Hexes
 41724 | Depths:5 | Noticed a golden dragon
 41747 | Depths:5 | Killed a golden dragon
 41811 | Depths:5 | Reached skill level 9 in Spellcasting
 41825 | Depths:5 | Found a gate to the Realm of Zot.
 41857 | Depths:5 | Noticed a golden dragon
 41865 | Depths:5 | Killed a golden dragon
 41866 | Depths:5 | HP: 20/112 [quicksilver dragon (3)]
 41871 | Depths:5 | HP: 18/112 [poisoned by a green draconian (poison gas)]
 41876 | Depths:5 | HP: 18/112 [poisoned by a green draconian (poison gas)]
 41881 | Depths:5 | HP: 21/112 [poisoned by a green draconian (poison gas)]
 41913 | Depths:5 | Reached XP level 21. HP: 64/116 MP: 26/38
 41928 | Depths:5 | Learned a level 6 spell: Deflect Missiles
 42051 | Zot:1    | Entered Level 1 of the Realm of Zot
 42336 | Zot:2    | Reached skill level 15 in Fighting
 42338 | Zot:2    | Took a swim in molten lava

Vault maps used:
D:1:      lightli_iron_boxes
D:3:      gup_sewer_entry_bowl
D:4:      makhleb_heckhound_becter, uniq_grinder, uniq_iyjb, uniq_eustachio
D:5:      nicolae_overflow_hidden_temple, temple_fountains, first_bread,
          serial_shops, shop, uniq_sigmund, uniq_edmund
D:6:      serial_shops, nicolae_shop_behind_doors, minmay_item_behind_shaft
D:8:      minmay_lair_entry_grove, nrook_mini_vaults
D:9:      nemelex_deck
D:10:     orc_0_dummy, special_room, serial_shops, shop, uniq_sonja,
          uniq_josephine
D:11:     uniq_erica
D:12:     minmay_expanding_squares
D:13:     minmay_smoke_and_mirrors, uniq_erolcha
D:14:     minmay_quarter_circles, lightli_vaults_fourway_checkpoint,
          serial_shops, nicolae_shop_statue_plus
D:15:     grunt_enter_depths_hoard, fedhas_altar_1, serial_shops, freezing_bzr
Temple:   triangle_lava_temple_12
Orc:1:    serial_shops, shop, basic_altar
Orc:2:    serial_shops, nicolae_shop_trees, shop,
          nicolae_shop_overgrown_old_shop, nicolae_shop_trees, enter_bailey_7
Orc:3:    nicolae_volcano_entry_lava_flow, serial_shops, nicolae_shop_stone,
          nicolae_orc_pool_cavern, uniq_maurice, uniq_harold, uniq_joseph
Orc:4:    basic_altar, serial_shops, nicolae_shop_behind_doors, st_orc_rangers
Elf:1:    serial_shops, nicolae_shop_stone, minivault_4, billiards_dpeg
Elf:2:    serial_shops, shop, item_on_display_a, basic_stair_grate_trap,
          uniq_asterion, uniq_wiglaf, uniq_azrael, uniq_saint_roka
Elf:3:    nooodl_elf_gasket, serial_shops, nicolae_shop_statue_plus,
          st_stairs_8, uniq_roxanne, uniq_nikola
Lair:1:   beast_lair_carwin_large_3, minivault_26
Lair:3:   minmay_snake_entry_guardpost_medium, grunt_megastairs_2
Lair:4:   portal_ice_cave_entry_pillars_02, grunt_megastairs_1,
          serial_bayou_shore_a
Lair:5:   dpeg_oklob_gauntlet, minmay_shoals_entry_centaurs
Lair:6:   beast_lair_carwin_1, infiniplex_staircase_pool
Lair:7:   slime_altar_1, lab_entry_generic
Lair:8:   minmay_lair_end_enchanted_forest, special_room, hibernation_bobbens
Shoals:1: st_sunken_huts
Shoals:2: serial_shops, nicolae_shop_temple_entry_statues_fountains,
          overgrown_hall
Shoals:3: serial_shops, nicolae_shop_competitors_out_of_business
Shoals:4: uniq_jorgrun
Shoals:5: shoals_end_hangedman, shoals_ilsuiw_alternative,
          nicolae_shoals_arrival_archipelago, uniq_agnes
Snake:1:  st_stairs_4, nrook_loot_triangle
Snake:2:  eino_curves_02, uniq_aizul
Snake:4:  serial_shops, shop_fountains
Snake:5:  snake_pit, serial_shops, shop, nicolae_shop_window_shopping
Slime:4:  uniq_dissolution
Slime:5:  nicolae_slime_barrier
Depths:1: hell_entry, kennysheep_boxes, hangedman_decor_points,
          lightli_church_of_beogh, serial_bayou_shore_b
Depths:2: hangedman_stitches_corridor, hell_entry, minmay_crystal_water,
          infiniplex_staircase_hallway_doors
Depths:3: minmay_tri_box, enter_ziggurat_f, minmay_hedge_maze, pan_entry,
          hell_entry, abyss_entry, uniq_mennas
Depths:4: minmay_isolated_rectangles_in_corner, abyss_entry, basic_altar,
          grunt_hell_horde, kennysheep_nub, infiniplex_staircase_squiggle
Depths:5: grunt_runaround, abyss_entry, hell_entry, uniq_margery
Zot:2:    grunt_zot_stairs_faceoff
Lab:      labyrinth_skeletal_remains, nicolae_lab_t_cross, lab_statue,
          nicolae_lab_quarters, nicolae_lab_grate, nicolae_lab_lava,
          nicolae_lab_x, nicolae_lab_do_over, nicolae_lab_diamond
Bazaar:   bazaar_kb_twisted_cavern
Bailey:   bailey_axe_minmay_hex_keep, bailey
IceCv:    ice_cave_small_giant
Volcano:  volcano_pools

Action                   |  1- 3 |  4- 6 |  7- 9 | 10-12 | 13-15 | 16-18 | 19-21 || total
-------------------------+-------+-------+-------+-------+-------+-------+-------++-------
Melee: Spear             |    46 |       |       |       |       |       |       ||    46
       Hand axe          |    42 |   188 |       |       |       |       |       ||   230
       Quarterstaff      |       |    41 |   459 |  1268 |  1843 |       |       ||  3611
       Unarmed           |       |       |     7 |       |       |       |       ||     7
       Lajatang          |       |       |       |       |   342 |   426 |       ||   768
       Battleaxe         |       |       |       |       |       |   651 |   934 ||  1585
Throw: Stone             |    22 |     5 |    68 |    85 |    92 |     1 |     9 ||   282
       Tomahawk          |       |       |       |       |    15 |       |       ||    15
 Cast: Magic Dart        |    45 |    35 |     2 |       |       |       |       ||    82
       Dazzling Spray    |       |     2 |       |       |       |       |       ||     2
       Repel Missiles    |       |       |       |       |       |    22 |     3 ||    25
       Phase Shift       |       |       |       |       |       |    23 |    39 ||    62
       Flight            |       |       |       |       |       |       |    13 ||    13
       Summon Butterflie |       |       |       |       |       |       |     8 ||     8
       Haste             |       |       |       |       |       |       |     4 ||     4
       Regeneration      |       |       |       |       |       |       |    14 ||    14
       Spectral Weapon   |       |       |       |       |       |       |     7 ||     7
       Deflect Missiles  |       |       |       |       |       |       |     3 ||     3
       Silence           |       |       |       |       |       |       |     2 ||     2
Invok: Transfer Knowledg |       |       |       |       |     1 |     3 |       ||     4
       Scrying           |       |       |       |       |       |       |     3 ||     3
 Abil: Evoke Berserk Rag |       |       |       |       |     1 |       |       ||     1
       Evoke Invisibilit |       |       |       |       |       |     3 |       ||     3
       Turn Visible      |       |       |       |       |       |     3 |       ||     3
Evoke: Wand              |       |     1 |     7 |    22 |    20 |     8 |    11 ||    69
       Phial of floods   |       |       |       |       |     1 |     1 |     1 ||     3
       Fan of gales      |       |       |       |       |       |       |     1 ||     1
  Use: Scroll            |     5 |     5 |    10 |    14 |    30 |     9 |    10 ||    83
       Potion            |       |     4 |       |     2 |     5 |     6 |     4 ||    21
 Stab: Sleeping          |     3 |     2 |       |     5 |     4 |     8 |     7 ||    29
       Invisible         |       |     3 |       |       |       |    15 |       ||    18
       Distracted        |       |       |     1 |     3 |       |     3 |     6 ||    13
       Confused          |       |       |       |       |     5 |       |       ||     5
       Fleeing           |       |       |       |       |     1 |       |       ||     1
  Eat: Chunk             |     2 |    10 |    11 |    29 |    46 |    21 |     4 ||   123
       Pizza             |       |       |       |     1 |       |       |       ||     1
       Royal jelly       |       |       |       |       |     2 |       |     1 ||     3
       Beef jerky        |       |       |       |       |     1 |     2 |       ||     3
       Fruit             |       |       |       |       |     1 |     1 |     1 ||     3
       Bread ration      |       |       |       |       |       |     2 |     4 ||     6
       Meat ration       |       |       |       |       |       |     2 |     2 ||     4
